 Dungeon Crawl Stone Soup version 0.17-a0-702-gb3a3556 (webtiles) character file.

6019 oplop the Fighter (level 10, -8/83 HPs)
             Began as a Demonspawn Gladiator on Apr 19, 2015.
             Was a Priest of Ru.
             Mangled by a hill giant
             ... wielding a +0 giant club
              (33 damage)
             ... on level 11 of the Dungeon.
             The game lasted 00:32:18 (11466 turns).

oplop the Fighter (Demonspawn Gladiator)           Turns: 11466, Time: 00:32:18

Health: -8/83      AC: 11    Str: 13    XL:     10   Next: 56%
Magic:  10/10      EV: 22    Int:  8    God:    Ru [***...]
Gold:   496        SH:  0    Dex: 19    Spells: 0 memorised, 9 levels left

rFire  . . .     SeeInvis .     l - +1 great sword (curse)
rCold  + + .     Clarity  .     T - +2 robe of the Other Side {+Inv rC+}
rNeg   . . .     SustAb   .     (no shield)
rPois  +         Gourm    .     c - +1 helmet
rElec  +         Spirit   .     h - +0 cloak
rCorr  .         Warding  .     (gloves unavailable)
rMut   .         Stasis   .     (no boots)
MR     .....                    (no amulet)
Stlth  ..........               i - +3 ring of evasion
                                N - ring of poison resistance

@: not resistant to hostile enchantments, extremely unstealthy
A: claws 3, thin metallic scales 3, agile 1, cold resistance 1, demonic guardian
1, deterioration 1, dopey 1, nightstalker 1, sense surroundings 1, weak 1,
evolution 1, no device heal 1, no stealth, MP-powered wands, inexperienced 1
a: Draw Out Power, Renounce Religion, Evoke Invisibility


You were on level 11 of the Dungeon.
You worshipped Ru.
Ru was most pleased with you.
You were not hungry.

You visited 2 branches of the dungeon, and saw 14 of its levels.

You collected 789 gold pieces.
You spent 293 gold pieces at shops.

Inventory:

Hand weapons
 a - a +1 long sword
 b - a +0 blowgun
 l - a cursed +1 great sword (weapon)
Missiles
 d - 8 throwing nets
 o - 51 poisoned needles
 B - 9 tomahawks (quivered)
 M - 8 needles of sleeping
Armour
 c - a +1 helmet (worn)
 h - a +0 cloak (worn)
 T - the +2 robe of the Other Side (worn) {+Inv rC+}
   (You found it on level 10 of the Dungeon)

   It protects you from cold.
   It lets you turn invisible.
Jewellery
 i - a +3 ring of evasion (right claw)
 p - an uncursed ring of fire
 L - an uncursed ring of wizardry
 N - a ring of poison resistance (left claw)
Magical devices
 C - a wand of lightning (8)
 E - a wand of digging (9)
 J - a wand of slowing (28)
 S - a wand of draining (5)
 W - a wand of frost (32)
Scrolls
 e - 3 scrolls of teleportation
 g - 4 scrolls of recharging
 k - 3 scrolls of identify
 m - 7 scrolls of remove curse
 x - 2 scrolls of fear
 z - 5 scrolls of immolation
 F - 2 scrolls of enchant armour
 H - 4 scrolls of amnesia
 I - a scroll of enchant weapon
 U - a scroll of vulnerability {unknown}
 V - a scroll of silence {unknown}
Potions
 j - a potion of restore abilities
 n - 8 potions of curing
 r - 3 potions of brilliance
 s - a potion of magic {unknown}
 t - 2 potions of resistance {unknown}
 w - 3 potions of haste {unknown}
 A - 7 potions of poison {unknown}
 D - a potion of degeneration {unknown}
 G - 2 potions of heal wounds
 P - a potion of invisibility {unknown}
 Q - a potion of agility
Books
 y - a Young Poisoner's Handbook

   Spells                             Type                      Level
   a - Sting                          Conjuration/Poison           1
   b - Cure Poison                    Poison                       2
   c - Mephitic Cloud                 Conjuration/Poison/Air       3
   d - Olgreb's Toxic Radiance        Poison                       4
   e - Venom Bolt                     Conjuration/Poison           5
 K - a book of Changes

   Spells                             Type                      Level
   a - Beastly Appendage              Transmutation                1
   b - Sticks to Snakes               Transmutation                2
   c - Spider Form                    Transmutation/Poison         3
   d - Ice Form                       Ice/Transmutation            4
   e - Blade Hands                    Transmutation                5
 O - a book of Burglary

   Spells                             Type                      Level
   a - Swiftness                      Charms/Air                   2
   b - Passwall                       Transmutation/Earth          3
   c - Passage of Golubria            Translocation                4
   d - Lee's Rapid Deconstruction     Earth                        5
   e - Invisibility                   Hexes                        6
   f - Darkness                       Hexes                        7
Comestibles
 f - 6 bread rations
 q - 5 fruits
 v - 6 meat rations
 R - 6 slices of pizza


   Skills:
 - Level 9.4 Fighting
 + Level 9.3 Long Blades
 - Level 1.7 Throwing
 + Level 3.6 Armour
 + Level 8.7 Dodging
   Level 3.2 Shields


You had 9 spell levels left.
You didn't know any spells.

Dungeon Overview and Level Annotations

Branches:
Dungeon (13/15)            Temple (1/1) D:5            Lair (0/8) D:11
    Orc (0/4) D:9
 Vaults: D:13-14

Altars:
Ashenzari
Cheibriados
Dithmenos
Elyvilon
Fedhas
Gozag
Kikubaaqudgha
Makhleb
Okawaru
Qazlal
Ru
Sif Muna
Trog
Vehumet
Xom
Yredelemnul
Zin
The Shining One

Shops:
D:5 !   D:9 [

Annotations:
D:7 Fluffy's ghost, experienced HuFi
D:11 Harold


Innate Abilities, Weirdness & Mutations

You have claws for hands.
You are completely covered in thin metallic scales (AC +4, rElec).
A weak demonic guardian rushes to your aid.
You are slightly more attuned to the shadows.
You are weak. (Str -2)
You cannot be stealthy.
You are somewhat inexperienced (-2 XL).
You are agile. (Dex +2)
Your flesh is cold resistant.
Your body is slowly deteriorating.
You are dopey. (Int -2)
You passively map a small area around you.
You evolve.
Potions and wands are less effective at restoring your health.
You expend magic power (3 MP) to strengthen your wands.


Message History

Your crimson imp is burned by acid!
Your crimson imp hits the jelly.
Your crimson imp is burned by acid!
You slash the jelly!
The jelly is heavily wounded.
The jelly barely misses you.
Your crimson imp hits the hill giant.
The jelly barely misses you.
Unknown command.
You slash the jelly!
The jelly is almost dead.
Your crimson imp disappears in a puff of smoke!
The jelly misses you.
Unknown command.
You slice the jelly!!
You kill the jelly!
Unknown command.
You completely miss the hill giant.
The hill giant is heavily wounded.
The hill giant hits you with a giant club!!
You die...

* , .#. , '.,, ,, , ..
#'## * * ##.##..#####
#..'....#..#,
,#.......#, #....#..+ ,
** #..#C# .#
####@##.##.# ,
#......... * *
#.5...##.##, #.# *
######.##.##.........#
##...##.##.....≈≈.≈...#
#.............§≈≈≈§≈..#
##...##.##.#..§≈..≈≈§.#
######.##.##.≈≈.>}§§.#
#..'.....≈≈§.÷§§§#


You could see a hill giant and a friendly quasit.

Vanquished Creatures
  Pikel (D:7)
  A centaur skeleton (D:12)
  A fire drake (D:11)
  A gargoyle (D:11)
  A two-headed ogre (D:10)
  Sigmund (D:4)
  A steam dragon (D:11)
  A hippogriff (D:12)
  A wyvern (D:11)
  A hungry ghost (D:6)
  A soldier ant (D:10)
  A water moccasin (D:6)
  Edmund (D:6)
  Duvessa (D:4)
  2 black bears
  3 orc warriors
  An ice beast (D:5)
  A phantom (D:4)
  3 ogres
  3 necrophages
  A sky beast (D:6)
  5 centaurs
  2 big kobolds
  2 gnoll sergeants
  Dowan (D:4)
  10 giant frogs
  4 scorpions
  A water moccasin skeleton (D:9)
  3 wights
  2 crimson imps
  A centaur zombie (D:8)
  3 electric eels (D:8)
  7 hounds
  A quasit (D:9)
  An orc priest (D:9)
  3 jellies
  2 giant frog skeletons
  3 gnoll shamans (D:3)
  Ijyb (D:3)
  7 worker ants
  9 orc wizards
  Natasha (thrice) (D:3)
  An iguana (D:5)
  A hound skeleton (D:9)
  2 hound zombies
  A mummy (D:8)
  A worker ant zombie (D:6)
  44 gnolls
  19 adders
  3 shadow imps
  An adder skeleton (D:3)
  3 adder zombies (D:8)
  A worm (D:2)
  37 orcs
  3 ball pythons
  13 bats
  A bat skeleton (D:4)
  A bat zombie (D:6)
  8 giant cockroaches
  10 hobgoblins
  24 jackals
  6 quokkas
  2 giant geckos
  2 giant newts
  9 goblins
  2 jackal skeletons
  15 kobolds
  11 rats
320 creatures vanquished.

Vanquished Creatures (collateral kills)
  A steam dragon (D:12)
  A centaur (D:7)
  2 ogres
  Blork the orc (D:4)
  An orc priest (D:6)
  A gnoll (D:3)
  An orc (D:6)
  A jackal zombie (D:8)
  A rat (D:8)
10 creatures vanquished.

Vanquished Creatures (others)
  A wizard (D:6)
  A troll (D:9)
  2 slaves
  A black bear (D:7)
  A wasp (D:12)
  13 crimson imps
  17 quasits
  An orc wizard (D:8)
  15 iron imps
  13 white imps
  9 ufetubi
  3 orcs
  A bat (D:7)
  A goblin (D:7)
79 creatures vanquished.

Grand Total: 409 creatures vanquished

Notes
Turn   | Place    | Note
--------------------------------------------------------------
     0 | D:1      | oplop, the Demonspawn Gladiator, began the quest for the Orb.
     0 | D:1      | Reached XP level 1. HP: 16/16 MP: 1/1
    82 | D:1      | Found a shattered altar of Ashenzari.
   173 | D:1      | Gained mutation: You are partially covered in thin metallic scales (AC +2). [demonic ancestry]
   173 | D:1      | Reached XP level 2. HP: 20/22 MP: 2/2
   299 | D:1      | Reached skill level 3 in Long Blades
   726 | D:2      | Gained mutation: You have sharp fingernails. [demonic ancestry]
   726 | D:2      | Reached XP level 3. HP: 9/28 MP: 3/3
  1228 | D:2      | Gained mutation: A weak demonic guardian rushes to your aid. [demonic ancestry]
  1228 | D:2      | Reached XP level 4. HP: 31/35 MP: 4/4
  1353 | D:2      | Reached skill level 1 in Shields
  1395 | D:2      | Found a bloodstained altar of Trog.
  1807 | D:3      | Found a glowing golden altar of the Shining One.
  1823 | D:3      | Noticed Natasha
  1832 | D:3      | Killed Natasha
  1832 | D:3      | Gained mutation: You are slightly more attuned to the shadows. [demonic ancestry]
  1832 | D:3      | Reached XP level 5. HP: 28/42 MP: 5/5
  2065 | D:3      | Reached skill level 4 in Long Blades
  2435 | D:3      | Reached XP level 6. HP: 32/48 MP: 6/6
  2898 | D:3      | Noticed Natasha
  2907 | D:3      | Killed Natasha
  2961 | D:3      | Noticed Natasha
  2970 | D:3      | Killed Natasha
  3034 | D:3      | Gained mutation: You have very sharp fingernails. [demonic ancestry]
  3034 | D:3      | Reached XP level 7. HP: 46/55 MP: 7/7
  3038 | D:3      | Reached skill level 5 in Fighting
  3316 | D:3      | Noticed Ijyb
  3331 | D:3      | Killed Ijyb
  3447 | D:3      | Found an iron altar of Okawaru.
  3804 | D:4      | Reached skill level 5 in Long Blades
  3840 | D:4      | Noticed Blork the orc
  3950 | D:4      | Found a deep blue altar of Sif Muna.
  3958 | D:4      | Killed Blork the orc
  4084 | D:4      | Noticed Sigmund
  4097 | D:4      | Killed Sigmund
  4142 | D:4      | Gained mutation: You are mostly covered in thin metallic scales (AC +3). [demonic ancestry]
  4142 | D:4      | Reached XP level 8. HP: 48/64 MP: 8/8
  4174 | D:4      | Reached skill level 6 in Fighting
  4278 | D:4      | Noticed Duvessa
  4289 | D:4      | Killed Duvessa
  4290 | D:4      | Noticed Dowan
  4298 | D:4      | Killed Dowan
  4304 | D:4      | Found a shadowy altar of Dithmenos.
  4427 | D:4      | Found a snail-covered altar of Cheibriados.
  4427 | D:4      | Found a shimmering altar of Xom.
  4571 | D:5      | Entered Level 5 of the Dungeon
  4589 | D:5      | Found Olirruz's Distillery.
  4597 | D:5      | Found a shattered altar of Ashenzari.
  4606 | D:5      | Reached skill level 5 in Dodging
  4690 | D:5      | Bought a potion of heal wounds for 55 gold pieces
  4690 | D:5      | Bought a potion of mutation for 27 gold pieces
  4690 | D:5      | Bought a potion of curing for 33 gold pieces
  4690 | D:5      | Bought a potion of curing for 33 gold pieces
  4690 | D:5      | Bought a potion of heal wounds for 55 gold pieces
  4690 | D:5      | Gained mutation: You are weak. (Str -2) [potion of mutation]
  4690 | D:5      | Gained mutation: You expend magic power (3 MP) to strengthen your wands. [potion of mutation]
  4827 | D:5      | Found a staircase to the Ecumenical Temple.
  4847 | Temple   | Entered the Ecumenical Temple
  5080 | Temple   | Became a worshipper of Ru the Awakened
  5404 | D:6      | Reached skill level 7 in Fighting
  5406 | D:6      | Found a bloodstained altar of Trog.
  5908 | D:6      | Gained mutation: You are completely covered in thin metallic scales (AC +4, rElec). [demonic ancestry]
  5908 | D:6      | Reached XP level 9. HP: 56/72 MP: 9/9
  5978 | D:6      | Noticed a wizard
  5984 | D:6      | Killed a wizard
  6906 | D:6      | Found an opulent altar of Gozag.
  6919 | D:6      | Gained mutation: You are somewhat inexperienced (-2 XL). [Ru sacrifice]
  6919 | D:6      | Reached XP level 8. HP: 60/68 MP: 8/8
  6919 | D:6      | Reached XP level 7. HP: 60/61 MP: 7/7
  6919 | D:6      | Acquired Ru's first power
  6964 | D:6      | Noticed Edmund
  6978 | D:6      | Killed Edmund
  7287 | D:7      | Noticed Pikel
  7324 | D:7      | Killed Pikel
  7324 | D:7      | Reached skill level 8 in Fighting
  7324 | D:7      | Reached XP level 8. HP: 66/68 MP: 8/8
  7433 | D:7      | Noticed Fluffy's ghost (experienced HuFi)
  8052 | D:8      | Gained mutation: Potions and wands are less effective at restoring your health. [potion of mutation]
  8052 | D:8      | Gained mutation: You have claws for hands. [potion of mutation]
  8052 | D:8      | Gained mutation: You evolve. [potion of mutation]
  8053 | D:8      | Gained mutation: You are dopey. (Int -2) [potion of mutation]
  8053 | D:8      | Gained mutation: You passively map a small area around you. [potion of mutation]
  8053 | D:8      | Gained mutation: You are agile. (Dex +2) [potion of mutation]
  8054 | D:8      | Gained mutation: Your flesh is cold resistant. [potion of mutation]
  8054 | D:8      | Lost mutation: You are weak. (Str -2) [potion of mutation]
  8054 | D:8      | Gained mutation: Armour fits poorly on your strangely shaped body. [potion of mutation]
  8506 | D:8      | Reached XP level 9. HP: 71/75 MP: 9/9
  8595 | D:8      | Gained mutation: Your muscles are strong. (Str +2) [evolution]
  9016 | D:9      | Reached skill level 9 in Fighting
  9027 | D:9      | Found a staircase to the Orcish Mines.
  9029 | D:9      | Found Xocsutof's Armour Shoppe.
  9057 | D:9      | Gained mutation: You cannot be stealthy. [Ru sacrifice]
  9057 | D:9      | Acquired Ru's second power
  9681 | D:9      | Lost mutation: Armour fits poorly on your strangely shaped body. [evolution]
  9931 | D:9      | Found Zin's Purification Station.
  9934 | D:9      | Found a glowing silver altar of Zin.
  9937 | D:9      | Bought a potion of curing for 90 gold pieces
 10199 | D:10     | Entered Level 10 of the Dungeon
 10610 | D:10     | Got a transparent robe
 10621 | D:10     | Identified the +2 robe of the Other Side {+Inv rC+} (You found it on level 10 of the Dungeon)
 10637 | D:10     | Reached skill level 1 in Armour
 10637 | D:10     | Reached XP level 10. HP: 56/83 MP: 10/10
 10933 | D:11     | Found a staircase to the Lair.
 10971 | D:11     | You fall through a shaft for 2 floors!
 10971 | D:13     | Noticed a moth of wrath
 10973 | D:13     | Noticed a lindwurm
 10973 | D:13     | a moth of wrath changed into a lindwurm
 11188 | D:12     | Gained mutation: Your body is slowly deteriorating. [evolution]
 11245 | D:12     | Noticed a skeletal warrior
 11245 | D:12     | Noticed a skeletal warrior
 11368 | D:11     | Noticed Harold
 11450 | D:11     | Noticed a hill giant
 11453 | D:11     | Lost mutation: Your muscles are strong. (Str +2) [Ru sacrifice]
 11453 | D:11     | Gained mutation: You are weak. (Str -2) [Ru sacrifice]
 11453 | D:11     | Acquired Ru's third power
 11466 | D:11     | Mangled by a hill giant

Action                   |  1- 3 |  4- 6 |  7- 9 | 10-12 || total
-------------------------+-------+-------+-------+-------++-------
Melee: Long sword        |    95 |   304 |   601 |       ||  1000
       Great sword       |       |       |   224 |   112 ||   336
 Fire: Blowgun           |       |       |    34 |       ||    34
Throw: Throwing net      |     4 |     3 |       |       ||     7
       Tomahawk          |       |    13 |       |       ||    13
Invok: Sacrifice Experie |       |       |     1 |       ||     1
       Sacrifice Stealth |       |       |     1 |       ||     1
       Sacrifice Purity  |       |       |       |     1 ||     1
Evoke: Wand              |       |       |     2 |       ||     2
  Use: Scroll            |       |     9 |     5 |     3 ||    17
       Potion            |       |     1 |     5 |     1 ||     7
 Stab: Distracted        |       |     3 |     3 |     2 ||     8
       Sleeping          |       |     1 |    10 |       ||    11
       Held in net/web   |       |     2 |       |       ||     2
       Invisible         |       |       |     1 |       ||     1
  Eat: Chunk             |     1 |     6 |    12 |     2 ||    21
       Fruit             |       |       |     3 |       ||     3
       Pizza             |       |       |     2 |     1 ||     3
       Royal jelly       |       |       |     2 |       ||     2
       Meat ration       |       |       |     1 |       ||     1
